 Dungeon Crawl Stone Soup version 0.24.0-125-gc4c63601f3 (webtiles) character file.

Game seed: 11655440552486288857, levelgen mode: deterministic

342 Curus the Slasher (level 6, 0/51 HPs)
             Began as a Draconian Berserker on Feb 24, 2020.
             Was a Priest of Trog.
             Slain by an orc priest
             ... wielding a +0 mace
              (6 damage)
             ... while paralysed
             ... on level 4 of the Dungeon.
             The game lasted 00:11:52 (2907 turns).

Curus the Slasher (Draconian Berserker)             Turns: 2907, Time: 00:11:52

Health: 0/51       AC:  7    Str: 19    XL:     6   Next: 30%
Magic:  6/6        EV:  2    Int:  8    God:    Trog [***...]
Gold:   179        SH:  0    Dex: 12    Spells: 5/5 levels left

rFire    . . .     SeeInvis .   n - +0 falchion (distort)
rCold    . . .     Gourm    .   (no shield)
rNeg     . . .     Faith    .   (armour unavailable)
rPois    .         Spirit   .   i - +0 hat
rElec    .         Reflect  .   k - +0 cloak
rCorr    .         Harm     .   (no gloves)
MR       .....                  (no boots)
Stlth    +.........             e - amulet of magic regeneration
HPRegen  0.17/turn              d - +5 ring of evasion
MPRegen  0.35/turn              j - +1 ring of evasion

@: paralysed, berserk cooldown, slowed
A: unfitting armour, cold-blooded, AC +6
a: Berserk, Trog's Hand, Renounce Religion


You were on level 4 of the Dungeon.
You worshipped Trog.
Trog was most pleased with you.
You were not hungry.

You visited 1 branch of the dungeon, and saw 4 of its levels.

You collected 179 gold pieces.

Inventory:

Hand Weapons
 a - a +0 falchion
 n - a +0 falchion of distortion (weapon)
Armour
 i - a +0 hat (worn)
 k - a +0 cloak (worn)
Jewellery
 d - a +5 ring of evasion (left hand)
 e - an amulet of magic regeneration (around neck)
 g - a +3 ring of strength
 j - a +1 ring of evasion (right hand)
Scrolls
 c - 4 scrolls of remove curse
 f - 3 scrolls of magic mapping
 m - a scroll of identify
Potions
 h - a potion of resistance
Comestibles
 b - 5 rations


   Skills:
 - Level 3.2 Fighting
 + Level 7.2 Long Blades
 - Level 2.6 Dodging


You had 5 spell levels left.
You didn't know any spells.
Your spell library was empty.

Dungeon Overview and Level Annotations

Branches:
Dungeon (4/15)
 Temple: D:4-7

Altars:
Qazlal


Innate Abilities, Weirdness & Mutations

Your plain brown scales are hard. (AC +6)
You cannot fit into any form of body armour.
You are cold-blooded and may be slowed by cold attacks.


Message History

You slash the orc!
You kill the orc!
Trog accepts your kill.
You slash the adder!
You kill the adder!
Trog accepts your kill.
The orc priest invokes the aid of Beogh against you.
Pain shoots through your body!
* * * LOW HITPOINT WARNING * * *
Items here: )) [ †† a +0 club; a +0 hand axe; a cursed +0 leather armour; an adder corpse an orc corpse You feel a strong urge to attack something.
You barely miss the orc priest.
You are no longer berserk.
You pass out from exhaustion.
You feel yourself slow down. The orc priest hits you with a +0 mace.
* * * LOW HITPOINT WARNING * * *
The orc priest hits you with a +0 mace.
You die...

.# ##. # #.. #.#.. .#.##
#.## .o. #... #o# ####
#@# ######## #)#
#.#####....... #.#
#.......###### #.#
#.#####.## #
########.###........#
#..##.............#####.#
........#######...# #.#
#.........# #..)# #.#
#.###.#.#.#####...#
#.#####


You could see an orc priest and an orc.

Vanquished Creatures
  A crimson imp (D:3)
  An orc priest (D:4)
  2 hounds (D:4)
  Crazy Yiuf (D:3)
  A worker ant (D:4)
  2 adders
  An ooze (D:1)
  5 worms
  4 leopard geckos
  9 orcs
  5 giant cockroaches
  7 hobgoblins
  3 jackals (D:4)
  3 quokkas (D:3)
  6 bats
  3 frilled lizards
  6 goblins
  A jackal skeleton (D:4)
  9 kobolds
  8 rats
78 creatures vanquished.

Vanquished Creatures (others)
  2 orc wizards (D:4)
  A worm (D:4)
  3 orcs (D:4)
6 creatures vanquished.

Grand Total: 84 creatures vanquished

Notes
Turn   | Place    | Note
-------+----------+-------------------------------------------
     0 | D:1      | Curus the Draconian Berserker began the quest for the Orb.
     0 | D:1      | Reached XP level 1. HP: 19/19 MP: 1/1
    83 | D:1      | Reached XP level 2. HP: 13/26 MP: 2/2
   481 | D:1      | Reached skill level 4 in Long Blades
   805 | D:2      | Found a stormy altar of Qazlal.
   935 | D:2      | Reached XP level 3. HP: 30/31 MP: 3/3
   963 | D:2      | Reached ** piety under Trog
   974 | D:2      | Found a faded altar of an unknown god.
  1739 | D:3      | Reached skill level 5 in Long Blades
  1739 | D:3      | Reached XP level 4. HP: 38/38 MP: 4/4
  2502 | D:3      | Found a runed translucent door.
  2503 | D:3      | Noticed Crazy Yiuf
  2573 | D:3      | Killed Crazy Yiuf
  2573 | D:3      | Reached XP level 5. HP: 31/45 MP: 5/5
  2660 | D:4      | Reached skill level 6 in Long Blades
  2834 | D:4      | Reached *** piety under Trog
  2853 | D:4      | Reached XP level 6. HP: 29/51 MP: 6/6
  2894 | D:4      | Reached skill level 7 in Long Blades
  2907 | D:4      | Slain by an orc priest

Levels and vault maps discovered:
D:1:      psy_arrival_statuary, layout_loops_cross, minmay_misc_feat_room
D:2:      layout_basic, nicolae_overflow_crystal_walls,
          chequers_ecumenical_altar_island
D:3:      layout_basic, minmay_splitting_lines, uniq_crazy_yiuf_cottage
D:4:      cheibrodos_old_hovel, layout_loops_ring, gammafunk_ghost_icy

Skill      XL: |  1  2  3  4  5  6 |
---------------+-------------------+-----
Long Blades    | 4 5 6 7 |  7.2
Fighting       | |  3.2
Dodging        | |  2.6

Action                   |  1- 3 |  4- 6 || total
-------------------------+-------+-------++-------
Melee: Falchion          |   106 |   101 ||   207
       Tailslap          |    10 |    16 ||    26
Invok: Berserk           |       |     1 ||     1
  Use: Scroll            |     9 |       ||     9
       Potion            |     3 |     1 ||     4
 Stab: Sleeping          |     1 |       ||     1
  Eat: Chunk             |     2 |     5 ||     7
Armor: Skin              |    25 |    10 ||    35
Dodge: Dodged            |    74 |    61 ||   135
       Rpst.: Falchion   |    23 |    22 ||    45
